 Seeded DCSS version 0.29-a0-321-gf1c400731a (webtiles) character file.

Game seed: 14607736244556014094 (custom seed)

114 rabbitsville the Chopper (level 4, 0/41 HPs)
             Began as a Hill Orc Monk on Apr 4, 2022.
             Slain by a crimson imp
             ... wielding a +0 dagger of chaos
              (9 damage)
             ... on level 3 of the Dungeon.
             The game lasted 00:03:50 (2029 turns).

rabbitsville the Chopper (Hill Orc Monk)            Turns: 2029, Time: 00:03:50

Health: 0/41       AC:  6    Str: 15    XL:     4   Next: 97%
Magic:  4/4        EV: 10    Int: 10    God:
Gold:   65         SH:  0    Dex: 13    Spells: 3/3 levels left

rFire   . . .      SeeInvis .   b - +0 war axe
rCold   . . .      Faith    .   (no shield)
rNeg    . . .      Spirit   .   i - +0 scale mail
rPois   .          Reflect  .   (no helmet)
rElec   .          Harm     .   (no cloak)
rCorr   .          Rampage  .   (no gloves)
Will    .....                   (no boots)
Stlth   ..........              (no amulet)
HPRegen 0.13/turn               (no ring)
MPRegen 0.09/turn               (no ring)

@: no status effects
A: no striking features
a: no special abilities


You were on level 3 of the Dungeon.
You visited 1 branch of the dungeon, and saw 3 of its levels.

You collected 107 gold pieces.
You spent 42 gold pieces at shops.

Inventory:

Hand Weapons
 a - a +0 hunting sling
 b - a +0 war axe (weapon)
 n - a +0 hand axe
Missiles
 k - 2 throwing nets (quivered)
Armour
 e - a +0 robe of fire resistance
 i - a +0 scale mail (worn)
 m - a +0 robe
Scrolls
 f - a scroll of enchant armour {unknown}
 g - 2 scrolls of teleportation {unknown}
 h - 2 scrolls of identify {unknown}
 j - a scroll of fear {unknown}
 l - a scroll of holy word {unknown}
 o - a scroll of summoning {unknown}
Potions
 c - a potion of ambrosia
 d - 2 potions of heal wounds {unknown}


   Skills:
 + Level 4.3 Fighting
 * Level 5.5 Axes
 * Level 2.3 Slings
 - Level 2.4 Dodging
 - Level 1.5 Stealth


You had 3 spell levels left.
You didn't know any spells.
Your spell library was empty.

Dungeon Overview and Level Annotations

Branches:
Dungeon (3/15)

Altars:
Xom

Shops:
D:3 (

Portals:
Sewer: D:3


Message History

The hobgoblin is lightly wounded.
You hit the bat.
You kill the bat!
The hobgoblin hits you but does no damage.
You barely miss the hobgoblin.
The hobgoblin is lightly wounded.
The hobgoblin hits you but does no damage.
You closely miss the hobgoblin.
The hobgoblin is lightly wounded.
The hobgoblin closely misses you.
You hit the hobgoblin.
You kill the hobgoblin!
You see here a hobgoblin corpse.
Found a stone staircase leading down.
Found a scroll labelled ANIETT BEFFEGENO.
You hear the rusting of a drain very nearby.
There is an entrance to Laecimic's Weapon Shoppe here.
n - a +0 war axe Thank you for shopping at Laecimic's Weapon Shoppe!
You can access your shopping list by pressing '$'.
Adjust to which letter? (? for menu, Esc to quit)
b - a +0 war axe;
n - a +0 hunting sling Adjust to which letter? (? for menu, Esc to quit)
a - a +0 hunting sling;
n - a +0 hand axe (weapon)
a - a +0 hunting sling (weapon)
o - a scroll labelled ANIETT BEFFEGENO A crimson imp comes into view.
It is wielding a +0 dagger of chaos.
The crimson imp shouts!
The crimson imp blinks!
A giant cockroach comes into view.
The crimson imp hits you with a +0 dagger of chaos.
Space warps around you!
* * * LOW HITPOINT WARNING * * *
b - a +0 war axe (weapon)
You slash the crimson imp!
The crimson imp is severely wounded.
The crimson imp hits you with a +0 dagger of chaos.
* * * LOW HITPOINT WARNING * * *
You are electrocuted!
You die...

......... .#
#.##....##.#
..###..........#
......#...#..##
#>..#.#....#
#######....∩...#
#....†....#.#..##
##.#.....5#...#..###
#...#....@.........#.#
#≈≈≈#.....#..........#
#≈≈≈#........###.......
#≈≈≈#......### ....###
#≈≈≈#......# .....#
#≈∩≈#....B.# .....# #.
#≈≈≈#####..# .....# #.
#≈≈≈# #... ....##
#.###≈≈≈###. .....


You could see a crimson imp and a giant cockroach.

Vanquished Creatures
  A crimson imp (D:2)
  An iguana (D:3)
  An adder (D:2)
  2 dart slugs (D:1)
  5 bats
  5 endoplasms
  4 giant cockroaches
  6 hobgoblins
  2 quokkas (D:3)
  2 ball pythons (D:1)
  2 frilled lizards
  A goblin (D:1)
  3 kobolds
  3 rats
38 creatures vanquished.

Notes
Turn   | Place    | Note
-------+----------+-------------------------------------------
     0 | D:1      | rabbitsville the Hill Orc Monk began the quest for the Orb.
     0 | D:1      | Reached XP level 1. HP: 19/19 MP: 1/1
   337 | D:1      | Reached XP level 2. HP: 26/27 MP: 2/2
   540 | D:1      | Reached skill level 1 in Slings
   988 | D:1      | Reached XP level 3. HP: 33/33 MP: 3/3
  1428 | D:2      | Found a faded altar of an unknown god.
  1785 | D:3      | Found a shimmering altar of Xom.
  1853 | D:2      | Reached skill level 5 in Axes
  1853 | D:2      | Reached XP level 4. HP: 32/40 MP: 4/4
  1969 | D:3      | Found a glowing drain.
  1999 | D:3      | Found Laecimic's Weapon Shoppe.
  2015 | D:3      | Bought a +0 war axe for 42 gold pieces
  2029 | D:3      | Slain by a crimson imp

Illustrated notes

Levels and vault maps discovered:
D:1:      minmay_arrival_solitary_statue, layout_loops_cross,
          minmay_crystal_water, minmay_misc_feat_plants
D:2:      layout_basic, shapermc_ecumenical_altar_venn, interstate_on_off,
          nicolae_elevator_lobby_asterisk
D:3:      layout_rooms, nicolae_uskayaw_en_pointe, led_xom_imps,
          portal_sewer_entry_f, serial_shops, nicolae_lakefront_shop,
          nicolae_shop_advertising_works [nicolae_subvault_shop_adworks], shop,
          minivault_26, uniq_jessica

Skill      XL: |  1  2  3 |
---------------+----------+-----
Slings         | 1 2 |  2.3
Fighting       | 4 |  4.3
Axes           | 5 |  5.5
Dodging        | |  2.4
Stealth        | |  1.5

Action                   |  1- 3 |  4- 6 || total
-------------------------+-------+-------++-------
Melee: Hand axe          |   125 |    36 ||   161
       War axe           |       |     1 ||     1
       Punch             |       |     1 ||     1
 Stab: Sleeping          |     4 |       ||     4
Armor: Robe              |    12 |       ||    12
       Scale mail        |    22 |    15 ||    37
Dodge: Dodged            |    67 |    19 ||    86

Table legend: (Time is in decaauts)
 A = Elapsed time spent in this place.
 B = Non-inter-level travel time spent in this place.
 C = Inter-level travel time spent in this place.
 D = Time resting spent in this place.
 E = Time spent auto-exploring this place.
 F = Levels seen in this place.
 G = Mean time per level.
                   A        B        C        D        E       F      G
               +--------+--------+--------+--------+--------+-----+--------+
         Total |   2046 |   1991 |     55 |     72 |   1499 |   3 |  682.0 |
       Dungeon |   2046 |   1991 |     55 |     72 |   1499 |   3 |  682.0 |
               +--------+--------+--------+--------+--------+-----+--------+

Top non-repeatable levels by time:
     D:1: 1144 daAuts
     D:2: 727 daAuts
     D:3: 175 daAuts
